Map: Divergencia EE

Players

Dabbs

  • Race: Zerg Zerg
  • Spawn Location: 11:00

KingOfOmnoms

  • Race: Terran Terran
  • Spawn Location: 11:00

MrFercho - Winner!

  • Race: Zerg Zerg
  • League: Silver
  • Spawn Location: 5:00

TATORREA - Winner!

  • Race: Protoss Protoss
  • League: Silver
  • Spawn Location: 5:00

VOD

Have the link to the VOD?

Description

Time

  • Played on: June 21, 2020, 9:27 p.m.
  • Length: 15:49
Show
View Real Time Build Order
Export as new Build Order

Dabbs Zerg 

Build Orders: Pool First 

Get SALT Encoding   

  12  0:03  Drone  
  13  0:15  Extractor  
  13  0:19  Drone x2  
  14  0:30  Overlord  
  14  1:02  Spawning Pool  
  14  1:03  Drone x3  
  16  1:15  Drone  
  17  1:51  Zergling x2  
  17  1:52  Zergling x4  
  17  1:53  Queen  
  22  2:16  Hatchery  
  21  2:53  Overlord  
  21  2:54  Overlord x2  
  21  3:11  Queen  
  23  3:15  Drone x3  
  23  3:16  Drone  
  27  3:21  Extractor  
  26  3:59  Lair  
  26  4:14  Drone x3  
  26  4:15  Drone x3  
  32  4:36  Hatchery  
  31  4:43  Drone  
  31  4:44  Drone x2  
  34  4:46  Queen  
  36  5:00  Drone x5  
  41  5:22  Pneumatized Carapace  
  41  5:27  Drone x3  
  44  5:31  Extractor  
  43  5:44  Spire  
  43  5:46  Hydralisk Den  
  43  5:49  Infestation Pit  
  40  5:54  Evolution Chamber  
  40  5:56  Evolution Chamber  
  39  6:05  Evolution Chamber  
  38  6:20  Drone  
  38  6:21  Drone x2  
  41  6:25  Extractor  
  41  6:28  Extractor  
  39  6:34  Drone x3  
  39  6:37  Drone x2  
  44  6:48  Grooved Spines  
  44  6:50  Zerg Missile Weapons Level 1  
  44  6:52  Zerg Ground Armor Level 1  
  44  6:56  Hydralisk  
  44  6:57  Hydralisk x3  
  44  6:58  Hydralisk  
  44  7:00  Hydralisk  
  56  7:12  Drone x2  
  58  7:18  Overlord x2  
  58  7:19  Overlord x4  
  58  7:45  Drone x3  
  58  7:46  Drone  
  62  7:59  Muscular Augments  
  62  8:23  Hydralisk x3  
  62  8:24  Hydralisk x5  
  62  8:25  Hydralisk  
  80  8:37  Extractor  
  80  8:40  Drone  
  80  8:41  Drone x5  
  83  8:47  Overlord x5  
  83  8:48  Overlord  
  85  8:53  Hive  
  85  9:01  Drone  
  85  9:02  Drone x2  
  88  9:15  Zerg Missile Weapons Level 2  
  88  9:18  Zerg Ground Armor Level 2  
  88  9:21  Zerg Flyer Weapons Level 1  
  67  9:59  Hydralisk x4  
  71  10:00  Hydralisk x2  
  79  10:18  Hydralisk x4  
  79  10:19  Hydralisk x4  
  95  10:34  Hydralisk x3  
  95  10:35  Hydralisk  
  103  11:16  Zerg Flyer Armor Level 1  
  103  11:29  Hydralisk  
  103  11:30  Hydralisk x6  
  103  11:31  Hydralisk x3  
  54  12:09  Hydralisk  
  54  12:10  Hydralisk x6  
  54  12:11  Hydralisk x4  
  48  13:22  Overseer  
  48  13:24  Overseer  
  48  13:44  Hydralisk x5  
  48  13:45  Hydralisk x6  
  48  13:46  Hydralisk  
  72  14:04  Mutalisk x2  
  72  14:05  Mutalisk x2  
  72  14:09  Mutalisk x2  
  38  15:13  Hydralisk x3  
  38  15:14  Hydralisk x5  
  38  15:15  Hydralisk x4  
Show
View Real Time Build Order
Export as new Build Order

KingOfOmnoms Terran 

Build Orders:  

Get SALT Encoding   

  12  0:01  SCV  
  13  0:18  SCV  
  14  0:21  Supply Depot  
  14  0:26  Refinery  
  14  0:30  SCV  
  15  0:46  Barracks  
  15  0:51  SCV  
  16  1:03  SCV  
  17  1:24  Command Center  
  17  1:37  Supply Depot  
  17  1:38  Barracks Reactor  
  17  2:00  Supply Depot, SCV  
  18  2:09  Refinery  
  18  2:27  Factory  
  18  2:38  Barracks  
  18  2:54  Bunker  
  18  3:09  SCV  
  19  3:21  SCV  
  19  3:23  Bunker  
  20  3:31  SCV  
  20  3:34  SCV  
  22  3:39  Factory Tech Lab  
  22  3:41  Barracks Reactor  
  22  3:43  SCV  
  22  3:44  Marine  
  22  3:45  Marine  
  25  3:52  SCV  
  25  3:55  Bunker, SCV  
  27  4:04  SCV  
  27  4:08  SCV  
  27  4:09  Marine x2  
  30  4:16  SCV  
  32  4:20  SCV  
  32  4:23  Marine  
  34  4:25  Bunker  
  34  4:26  Marine  
  34  4:27  Marine x2  
  34  4:28  SCV  
  38  4:32  SCV  
  39  4:40  SCV  
  39  4:44  SCV  
  41  4:49  Refinery  
  41  4:53  Marine x2  
  41  4:56  SCV  
  41  4:59  Marine x2  
  46  5:08  SCV  
  46  5:10  Marine, Cyclone  
  46  5:11  Marine  
  52  5:14  Refinery  
  52  5:17  Marine  
  52  5:20  SCV  
  54  6:00  Supply Depot  
  54  6:10  Starport  
  54  6:13  Command Center  
  54  6:17  Armory  
  54  6:19  Factory  
  54  6:21  Marine, Cyclone  
  54  6:24  Supply Depot, Starport  
  58  6:31  Starport  
  58  6:39  Engineering Bay  
  58  6:40  SCV  
  58  6:43  Orbital Command  
  59  6:48  Supply Depot  
  59  6:52  SCV  
  60  6:55  Siege Tank  
  63  7:03  Factory Tech Lab  
  63  7:04  SCV  
  63  7:05  Starport Tech Lab  
  63  7:06  Starport Tech Lab  
  64  7:10  Starport Tech Lab  
  64  7:12  Supply Depot  
  64  7:26  Refinery  
  64  7:28  Siege Tank  
  67  7:35  SCV  
  67  7:36  Supply Depot  
  68  7:47  SCV  
  68  7:51  Refinery  
  69  7:57  SCV  
  70  8:00  Siege Tank, SCV  
  70  8:03  SCV  
  75  8:09  SCV  
  75  8:12  SCV  
  77  8:15  SCV  
  78  8:21  SCV  
  78  8:24  SCV  
  80  8:27  SCV  
  80  8:32  Fusion Core, Terran Vehicle And Ship Armor Level 1, Siege Tank  
  84  8:34  Thor  
  84  8:36  SCV  
  84  8:39  SCV  
  92  8:48  SCV  
  93  8:51  SCV  
  94  8:56  Supply Depot  
  94  9:00  SCV  
  95  9:09  SCV  
  96  9:12  SCV  
  97  9:17  Thor  
  97  9:20  Supply Depot  
  97  9:21  Battlecruiser, SCV  
  97  9:23  Battlecruiser  
  116  9:33  Thor  
  116  9:36  Viking  
  124  9:42  Marine x2  
  124  9:43  Marine x2  
  124  9:44  Supply Depot  
  128  9:57  Planetary Fortress  
  128  9:59  Planetary Fortress  
  128  10:00  Marine x4  
  128  10:06  Viking  
  134  10:10  Supply Depot  
  134  10:18  Marine x4  
  138  10:34  Supply Depot  
  138  10:36  Marine x4  
  142  10:58  Supply Depot  
  140  11:20  Battlecruiser  
  140  11:21  Battlecruiser x2  
  140  11:22  Supply Depot  
  139  12:02  Marine x4  
  139  12:05  Hellion  
  139  12:06  Hellion  
  123  12:20  Marine x4  
  127  12:24  Battlecruiser  
  127  12:25  Battlecruiser  
  127  12:27  Hellion  
  127  12:28  Hellion  
  149  12:33  Medivac  
  145  12:37  Marine  
  145  12:38  Marine x3  
  130  12:55  Marine  
  121  13:03  Medivac  
  112  13:08  Thor x2  
  121  13:55  Thor  
  120  13:56  Thor  
  111  14:20  Marine x2  
  111  14:21  Marine x2  
  109  14:28  Battlecruiser  
  109  14:29  Battlecruiser x2  
  121  14:38  Thor, Marine x3  
  121  14:39  Thor, Marine  
  68  15:21  Hellion  
  68  15:22  Hellion  
Show
View Real Time Build Order
Export as new Build Order

MrFercho Zerg - Winner!

Build Orders: Pool First, Lurkers 

Get SALT Encoding   

  12  0:01  Drone  
  13  0:14  Overlord  
  13  0:16  Drone  
  14  0:32  Drone x2  
  16  1:09  Spawning Pool  
  15  1:15  Hatchery, Drone x3  
  17  1:26  Drone  
  18  1:37  Drone  
  19  1:42  Extractor  
  18  1:59  Drone x2  
  20  2:01  Queen  
  22  2:19  Overlord  
  22  2:21  Overlord  
  22  2:27  Queen, Drone  
  25  2:32  Drone  
  26  2:37  Drone  
  27  2:44  Drone  
  28  2:57  Drone x2  
  30  3:05  Roach Warren  
  30  3:07  Drone x2  
  31  3:13  Drone  
  31  3:14  Drone  
  33  3:23  Queen  
  33  3:26  Lair  
  35  3:32  Extractor  
  35  3:34  Drone x2  
  36  3:49  Overlord  
  36  3:50  Overlord x3  
  36  4:02  Evolution Chamber  
  36  4:06  Spine Crawler  
  36  4:08  Spine Crawler  
  33  4:12  Roach x6  
  33  4:15  Drone  
  46  4:29  Extractor  
  45  4:32  Extractor  
  45  4:37  Drone x7  
  51  4:47  Zerg Missile Weapons Level 1  
  51  4:54  Roach x2  
  51  4:55  Roach  
  57  5:02  Drone x4  
  61  5:35  Zergling x2  
  61  5:36  Zergling x6  
  66  5:50  Drone x3  
  66  5:52  Overlord x5  
  68  6:06  Overlord x2  
  68  6:07  Overlord x2  
  68  6:16  Drone x3  
  68  6:18  Drone  
  72  6:27  Hydralisk Den  
  71  6:38  Hatchery  
  69  7:10  Drone x12  
  81  7:23  Muscular Augments  
  81  7:30  Overseer x2  
  81  7:31  Overseer, Lurker Den  
  80  7:41  Overseer  
  80  7:54  Spore Crawler  
  79  7:59  Spore Crawler  
  79  8:03  Overlord x9  
  79  8:04  Overlord x3  
  78  8:14  Drone  
  78  8:15  Spore Crawler  
  78  8:17  Spore Crawler  
  77  8:27  Spine Crawler x2  
  77  8:29  Drone  
  77  8:30  Extractor, Drone x7  
  77  8:32  Extractor  
  81  8:35  Grooved Spines  
  81  8:43  Infestation Pit  
  81  8:46  Drone, Evolution Chamber  
  81  8:47  Drone x2  
  81  8:48  Drone x3  
  85  8:59  Hydralisk  
  85  9:00  Hydralisk x3  
  93  9:11  Zerg Missile Weapons Level 2  
  93  9:13  Zerg Ground Armor Level 1  
  93  9:21  Hive  
  93  9:24  Hydralisk x8  
  109  9:35  Spore Crawler  
  108  9:46  Spore Crawler  
  108  9:50  Drone x6  
  108  9:51  Drone  
  114  10:02  Drone  
  114  10:03  Drone x4  
  119  10:15  Hatchery  
  119  10:20  Hatchery  
  117  10:21  Hydralisk  
  117  10:22  Hydralisk x5  
  117  10:26  Lurker  
  117  10:27  Lurker x3  
  117  10:28  Lurker x2  
  135  10:44  Spire  
  135  10:45  Spire  
  133  11:00  Hydralisk x3  
  133  11:01  Hydralisk x10  
  159  11:24  Extractor  
  158  11:27  Extractor  
  154  11:59  Hydralisk  
  154  12:00  Hydralisk x18  
  188  12:36  Mutalisk x8  
  132  13:08  Hydralisk x11  
  132  13:09  Hydralisk x3  
  126  13:17  Hydralisk x2  
  128  13:31  Greater Spire  
  128  13:41  Corruptor x5  
  128  13:42  Corruptor  
  122  14:03  Corruptor x4  
  123  14:11  Hatchery  
  123  14:12  Drone  
  123  14:13  Drone x8  
  118  14:34  Mutalisk x6  
  130  15:05  Hatchery  
  129  15:12  Hatchery  
  128  15:20  Brood Lord x4  
  128  15:21  Brood Lord  
  138  15:24  Hydralisk x2  
Show
View Real Time Build Order
Export as new Build Order

TATORREA Protoss - Winner!

Build Orders:  

Get SALT Encoding   

  12  0:03  Probe  
  13  0:23  Pylon  
  13  0:25  Probe  
  14  0:37  Probe  
  15  0:48  Gateway  
  15  0:49  Probe  
  16  1:05  Probe  
  17  1:11  Assimilator  
  17  1:13  Probe  
  17  1:16  Pylon  
  18  1:21  Probe  
  19  1:29  Probe  
  19  1:37  Probe  
  20  1:45  Probe  
  21  1:48  Cybernetics Core  
  21  1:51  Gateway  
  22  1:57  Probe  
  23  2:10  Probe  
  24  2:16  Assimilator  
  24  2:22  Probe  
  25  2:25  Nexus  
  25  2:34  Probe  
  25  2:35  Pylon  
  26  2:38  Pylon  
  26  2:46  Probe  
  27  2:58  Probe  
  28  3:06  Stalker  
  28  3:09  Stalker  
  28  3:10  Probe  
  33  3:20  Warp Gate  
  33  3:22  Probe  
  34  3:30  Probe  
  34  3:37  Probe  
  34  3:38  Probe  
  37  3:49  Pylon, Probe x2  
  37  3:52  Pylon  
  39  3:56  Pylon  
  39  3:57  Assimilator  
  39  4:00  Assimilator  
  39  4:01  Pylon  
  39  4:03  Probe  
  39  4:04  Probe  
  39  4:06  Stalker  
  39  4:08  Stalker  
  45  4:18  Probe  
  45  4:19  Probe  
  45  4:20  Robotics Facility  
  47  4:31  Probe x2  
  49  4:40  Nexus  
  49  4:46  Pylon  
  49  4:48  Probe x2  
  49  4:49  Pylon  
  51  4:56  Probe x2  
  51  5:04  Probe  
  51  5:05  Probe  
  55  5:16  Probe  
  55  5:17  Probe  
  55  5:18  Immortal  
  61  5:23  Sentry x2  
  61  5:28  Probe  
  66  5:29  Probe  
  67  5:38  Assimilator  
  67  5:40  Probe  
  67  5:41  Probe  
  67  5:42  Assimilator  
  69  5:46  Gateway  
  69  5:49  Gateway  
  69  5:52  Probe  
  69  5:53  Probe  
  69  5:54  Gateway  
  71  5:58  Gateway  
  71  6:02  Forge  
  71  6:04  Forge  
  71  6:05  Forge  
  71  6:11  Twilight Council, Probe x2  
  71  6:12  Probe  
  74  6:23  Probe x2  
  74  6:24  Probe  
  77  6:48  Probe  
  77  6:49  Probe x2  
  80  6:57  Nexus  
  80  7:00  Pylon, Probe  
  80  7:01  Probe x2  
  83  7:03  Pylon  
  83  7:06  Pylon  
  83  7:08  Pylon  
  83  7:13  Probe  
  83  7:14  Pylon  
  84  7:18  Pylon  
  84  7:21  Pylon  
  84  7:25  Probe x3  
  84  7:29  Gateway  
  87  7:31  Gateway  
  87  7:34  Gateway  
  87  7:37  Gateway, Probe x3  
  87  7:38  Gateway  
  87  7:43  Gateway  
  90  7:46  Gateway  
  90  7:52  Robotics Facility  
  90  8:00  Gateway  
  90  8:01  Gateway, Robotics Bay  
  90  8:04  Stalker x4, Gateway x2  
  90  8:05  Stalker x2  
  102  8:07  Gateway, Assimilator  
  102  8:12  Assimilator  
  102  8:24  Probe x3  
  105  8:27  Probe  
  106  8:36  Probe x3  
  106  8:39  Probe  
  110  8:50  Stalker x3  
  110  8:51  Stalker x3, Protoss Ground Weapons Level 1  
  110  8:52  Protoss Ground Armor Level 1, Stalker x2, Protoss Shields Level 1  
  110  8:53  Stalker x2  
  110  8:54  Stalker x2  
  110  8:55  Blink  
  134  8:56  Extended Thermal Lance  
  134  8:58  Colossus  
  134  9:02  Colossus  
  146  9:26  Stalker x2  
  146  9:27  Stalker x3  
  146  9:28  Stalker  
  146  9:30  Stalker  
  160  9:59  Nexus  
  160  10:01  Pylon  
  160  10:04  Pylon  
  160  10:06  Probe  
  163  10:07  Probe  
  163  10:11  Stalker x3  
  163  10:12  Stalker x3  
  163  10:13  Stalker x3  
  163  10:14  Stalker x2  
  182  10:15  Stalker  
  186  10:33  Colossus  
  192  10:37  Observer  
  192  10:39  Protoss Shields Level 2, Protoss Ground Armor Level 2, Protoss Ground Weapons Level 2  
  193  10:55  Templar Archives  
  193  10:58  Colossus  
  199  11:27  Observer  
  98  12:10  High Templar x5  
  98  12:11  High Templar x5  
  98  12:12  High Templar x2  
  98  12:13  High Templar x2  
  98  12:14  High Templar x2  
  98  12:15  High Templar x2  
  134  12:38  Archon x5  
  134  12:39  Archon x3  
  134  12:40  Colossus, Archon  
  134  12:43  Colossus  
  140  12:49  Zealot x2  
  140  12:50  Zealot x4  
  140  12:51  Zealot x2  
  162  12:52  Charge, Zealot  
  162  12:53  Zealot x4  
  162  12:54  Zealot x4  
  162  12:55  Zealot  
  182  13:33  Colossus  
  188  13:37  Assimilator, Colossus  
  194  13:41  Assimilator  
  194  13:45  Stalker x3  
  200  13:49  Nexus  
  200  13:51  Pylon  
  200  13:54  Pylon  
  116  15:23  Stalker  
  116  15:24  Stalker x4  
  116  15:25  Stalker x4  
  116  15:26  Stalker x2  
  116  15:27  Stalker x3  
  116  15:28  Stalker  
  146  15:29  Stalker x3  
Tags
 
Add a new tag
Caveats
  • Supply blocks, unpowered buildings, or Contaminate may cause inaccurate times.
  • Supply counts are checked every 10 seconds.